 Dungeon Crawl Stone Soup version 0.24-a0-441-g27f0392e16 (webtiles) character file.

Game seed: 13777584396681091658

25 Kuinu the Skirmisher (level 2, -2/27 HPs)
             Began as a Draconian Berserker on June 20, 2019.
             Was a Follower of Trog.
             Slain by an adder (3 damage)
             ... on level 2 of the Dungeon.
             The game lasted 00:00:51 (221 turns).

Kuinu the Skirmisher (Draconian Berserker)           Turns: 221, Time: 00:00:51

Health: -2/27      AC:  4    Str: 19    XL:     2   Next: 82%
Magic:  2/2        EV: 12    Int:  7    God:    Trog [*.....]
Gold:   22         SH:  0    Dex: 10    Spells: 1/1 levels left

rFire    . . .     SeeInvis .   a - +0 falchion
rCold    . . .     Gourm    .   (no shield)
rNeg     . . .     Faith    .   (armour unavailable)
rPois    .         Spirit   .   (helmet restricted)
rElec    .         Reflect  .   (no cloak)
rCorr    .         Harm     .   (no gloves)
MR       +....                  (no boots)
Stlth    +.........             (no amulet)
HPRegen  0.09/turn              h - ring of protection from magic
MPRegen  0.08/turn              (no ring)

@: no status effects
A: unfitting armour, cold-blooded, AC +4
a: Berserk, Renounce Religion


You were on level 2 of the Dungeon.
You worshipped Trog.
Trog was aware of your devotion.
You were not hungry.

You visited 1 branch of the dungeon, and saw 2 of its levels.

You collected 22 gold pieces.

Inventory:

Hand Weapons
 a - a +0 falchion (weapon)
Jewellery
 h - a ring of protection from magic (left hand)
Scrolls
 d - a scroll of noise {unknown}
 f - 3 scrolls of remove curse {unknown}
 g - a scroll of immolation {unknown}
Potions
 e - a potion of lignification {unknown}
 i - a potion of haste {unknown}
Comestibles
 b - 2 rations
 c - 13 chunks of flesh


   Skills:
 * Level 3.8 Fighting
 * Level 3.4 Long Blades
 + Level 2.9 Dodging


You had one spell level left.
You didn't know any spells.
Your spell library was empty.

Dungeon Overview and Level Annotations

Branches:
Dungeon (1/15)

Altars:
Ru
Wu Jian


Innate Abilities, Weirdness & Mutations

Your plain brown scales are hard. (AC +4)
You cannot fit into any form of body armour.
You are cold-blooded and may be slowed by cold attacks.


Message History

The adder is moderately wounded.
The adder bites you but does no damage.
You hit the adder.
The adder is heavily wounded.
The adder barely misses you.
You closely miss the adder.
The adder is heavily wounded.
The adder barely misses you.
You riposte.
You hit the adder. You tail-slap the adder.
The adder is almost dead.
The adder bites you.
* * * LOW HITPOINT WARNING * * *
You closely miss the adder.
The adder is almost dead.
The adder bites you.
* * * LOW HITPOINT WARNING * * *
You barely miss the adder.
The adder is almost dead.
The adder bites you.
You die...

#....##.....## #
#....#....[..#.#
##.#.#.......#.#
#.#....._.....#
#.>.#.......#.#
##..#.......#..#
#..##.....## .#
..####.####..#
#.......@.....#
#.#.#####S....#
.##### ##


You could see an adder.

Vanquished Creatures
  An adder (D:2)
  2 bats (D:2)
  A giant cockroach (D:1)
  4 goblins
  2 hobgoblins (D:2)
  3 kobolds (D:1)
  A frilled lizard (D:1)
14 creatures vanquished.

Notes
Turn   | Place    | Note
-------+----------+-------------------------------------------
     0 | D:1      | Kuinu the Draconian Berserker began the quest for the Orb.
     0 | D:1      | Reached XP level 1. HP: 19/19 MP: 1/1
    45 | D:1      | Reached XP level 2. HP: 16/26 MP: 2/2
    99 | D:1      | You fall into a shaft and drop 1 floor!
   110 | D:2      | Found a sacrificial altar of Ru.
   199 | D:2      | Found an ornate altar of the Wu Jian Council.
   220 | D:2      | HP: 1/27 [adder (3)]
   221 | D:2      | Slain by an adder

Levels and vault maps discovered:
D:1:      roderic_crop_circles_arrival_small, layout_rooms,
          minmay_misc_feat_chi, minmay_splitting_lines, serial_park_tiny_1
D:2:      layout_basic, nicolae_qazlal_general_emergency,
          nicolae_ru_sacrificial_ziggurat, old_standard_altar,
          marbit_many_paths, first_ration, uniq_robin

Action                   || total
-------------------------++-------
Melee: Falchion          ||    37
       Tailslap          ||     4
Armor: Skin              ||    12
Dodge: Dodged            ||    25
       Rpst.: Falchion   ||     7

Table legend:
 A = Non-vault XP
 B = Vault XP
 C = Vault XP percentage of total XP
 D = Non-vault monster count
 E = Vault monster count
 F = Vault count percentage of total count
                 A         B        C        D         E       F
            +---------+---------+-------+---------+---------+-------
      Total |      36 |       0 |   0.0 |      14 |       0 |   0.0
            +---------+---------+-------+---------+---------+-------
        D:1 |      12 |       0 |   0.0 |       7 |       0 |   0.0
        D:2 |      24 |       0 |   0.0 |       7 |       0 |   0.0
            +---------+---------+-------+---------+---------+-------
